 Dungeon Crawl Stone Soup version 0.21.0-3-g78d12a8bdd (webtiles) character file.

59 Ge0ff the Stinger (level 4, 0/37 HPs)
             Began as a Ghoul Venom Mage on Jan 15, 2018.
             Slain by a gnoll
             ... wielding a +0 flail
              (10 damage)
             ... on level 2 of the Dungeon.
             The game lasted 00:05:29 (1015 turns).

Ge0ff the Stinger (Ghoul Venom Mage)                Turns: 1015, Time: 00:05:29

Health: 0/37       AC:  6    Str: 12    XL:     4   Next: 3%
Magic:  5/5        EV:  9    Int: 10    God:
Gold:   82         SH:  0    Dex:  9    Spells: 5/6 levels left

rFire    . . .     SeeInvis .     - Unarmed
rCold    + . .     Gourm    .   (no shield)
rNeg     + + +     Faith    .   r - +0 scale mail
rPois    ∞         Spirit   .   (no helmet)
rElec    .         Reflect  .   (no cloak)
rCorr    .         Harm     .   (no gloves)
MR       .....                  (no boots)
Stlth    ..........             (no amulet)
HPRegen  0.00/turn              (no ring)
MPRegen  0.09/turn              (no ring)

@: rotting
A: rotting body, claws 1, carnivore, cold resistance 1, negative energy
resistance 3, inhibited regeneration, torment resistance, unbreathing
a: no special abilities


You were on level 2 of the Dungeon.
You were not hungry.

You visited 1 branch of the dungeon, and saw 2 of its levels.

You collected 82 gold pieces.

Inventory:

Missiles
 p - 80 stones (quivered)
Armour
 r - a +0 scale mail (worn)
Scrolls
 h - 2 scrolls of identify {unknown}
 i - a scroll of noise {unknown}
 o - 4 scrolls of amnesia {unknown}
Potions
 j - a potion of degeneration {unknown}
 m - a potion of curing {unknown}
 n - 2 potions of ambrosia {unknown}
 s - a potion of might {unknown}
 t - a potion of heal wounds {unknown}
 u - a potion of brilliance {unknown}
Books
 b - a Young Poisoner's Handbook

   Spells                             Type                      Level
   a - Sting                          Conjuration/Poison           1
   b - Poisonous Vapours              Poison/Air                   2
   c - Mephitic Cloud                 Conjuration/Poison/Air       3
   d - Olgreb's Toxic Radiance        Poison                       4
   e - Venom Bolt                     Conjuration/Poison           5
Comestibles
 f - 4 rations


   Skills:
 + Level 2.6 Fighting
 - Level 1.7 Dodging
 - Level 2.1 Stealth
 + Level 2.5 Unarmed Combat
 - Level 1.7 Spellcasting
 - Level 0.7 Conjurations
 - Level 3.0 Poison Magic


You had 5 spell levels left.
You knew the following spells:

 Your Spells              Type           Power        Failure   Level  Hunger
a - Sting                 Conj/Pois      #...         63%         1    ##.....


Dungeon Overview and Level Annotations

Branches:
Dungeon (2/15)

Altars:


Innate Abilities, Weirdness & Mutations

Your body is rotting away.
You thrive on raw meat.
You are immune to poison.
You have sharp fingernails.
You are carnivorous and can eat meat at any time.
Your flesh is cold resistant. (rC+)
You are immune to negative energy. (rN+++)
You do not regenerate when monsters are visible.
You are immune to unholy pain and torment.
You can survive without breathing.


Message History

You barely miss the gnoll.
The gnoll is severely wounded.
The gnoll barely misses you.
You scratch the gnoll but do no damage.
The gnoll is severely wounded.
The gnoll hits you but does no damage.
You scratch the gnoll.
The gnoll is severely wounded.
Your scale mail prevents you from hitting the gnoll.
The gnoll is severely wounded.
The gnoll hits you with a flail.
* * * LOW HITPOINT WARNING * * *
The frilled lizard bites you but does no damage.
You scratch the gnoll.
The gnoll is almost dead.
The gnoll barely misses you. The frilled lizard barely misses you.
You scratch the gnoll.
The gnoll is almost dead.
The gnoll hits you with a flail!
You die...

.......# #..# #.###
.....#.# #.(## #...#
.....#.# #...# ###.#.##
.....#.###...###...#..###.
....##.##.................
....##....................
.....#....................
...............lg.........
................@...[.....
..........................
...##.....................
.................).......#
.....#...>......<.<......#
...#..........#..........#
.###..........##...#.#####
.#................##.#
.................## .#


You could see a gnoll and a frilled lizard.

Vanquished Creatures
  A gnoll (D:2)
  An adder (D:2)
  2 dart slugs (D:2)
  A leopard gecko (D:1)
  A ball python (D:2)
  5 giant cockroaches
  5 goblins
  3 hobgoblins (D:1)
  A quokka (D:2)
  2 bats (D:1)
  2 frilled lizards (D:1)
  7 kobolds
  3 rats
34 creatures vanquished.

Notes
Turn   | Place    | Note
-------+----------+-------------------------------------------
     0 | D:1      | Ge0ff the Ghoul Venom Mage began the quest for the Orb.
     0 | D:1      | Reached XP level 1. HP: 14/14 MP: 2/2
   194 | D:1      | Reached skill level 1 in Fighting
   194 | D:1      | Reached skill level 1 in Unarmed Combat
   201 | D:1      | Reached XP level 2. HP: 20/23 MP: 3/3
   571 | D:1      | You fall through a shaft!
   574 | D:2      | Reached XP level 3. HP: 29/29 MP: 4/4
   978 | D:2      | Reached XP level 4. HP: 10/37 MP: 5/5
  1015 | D:2      | Slain by a gnoll

Skill      XL: |  1  2  3 |
---------------+----------+-----
Fighting       | 1 2 |  2.6
Unarmed Combat | 1 2 |  2.5
Dodging        | |  1.7
Stealth        | |  2.1
Spellcasting   | |  1.7
Conjurations   | |  0.7
Poison Magic   | |  3.0

Action                   |  1- 3 |  4- 6 || total
-------------------------+-------+-------++-------
Melee: Unarmed           |   180 |    11 ||   191
Throw: Stone             |     7 |       ||     7
  Eat: Chunk             |    29 |     4 ||    33
Armor: Robe              |    10 |       ||    10
       Scale mail        |    31 |     2 ||    33
Dodge: Dodged            |    88 |     3 ||    91

Vault maps used:
D:1:      scummos_arrival_forest, minmay_tromino_mix6
D:2:      minmay_lizard_king
